 BcadrenCrawl: Boulder Brew version 0.04.2-10-g17648f679b (webtiles) character file.

Game seed: 15111469684738047087, levelgen mode: deterministic

158 gruber the Poker (level 5, 39/39 HPs) Centaur Demonspawn. Began on May 2, 2021. Quit the game on level 2 of the Dungeon. The game lasted 00:02:07 (755 turns).

gruber the Poker (Centaur Demonspawn)                Turns: 755, Time: 00:02:07

Health: 39/39      AC:  4    Str: 20    XL:     5 ^: 153
Magic:  7/7        EV: 10    Int: 12    God:
Gold:   37         SH:  0    Dex:  8    Spells: 5/6 levels left

rFire    . . .     Vision   x   a - +0 trident
rCold    . . .     Gourm    .   (no weapon)
rNeg     . . .     Faith    .   b - +0 leather armour
rPois    .         Spirit   .   (no helmet)
rElec    .         Reflect  .   (no cloak)
rCorr    .         Harm     .   (no gloves)
MR       .....                  (no barding)
Stlth    +.........             f - amulet of regeneration (curse) {(Curse: -Vis)}
HPRegen  1.63/turn              (no ring)
MPRegen  0.17/turn              (no ring)

@: very quick
A: large, hooves 3, deformed body, speed 2, powered by death 1, tough skin 3
a: no special abilities


You were on level 2 of the Dungeon.
You were not hungry.

You visited 1 branch of the dungeon, and saw 2 of its levels.

You collected 37 gold pieces.

Inventory:

Weapons
 a - a +0 trident (weapon)
Armour
 b - a +0 leather armour (worn)
Jewellery
 e - a cursed ring of poison resistance {(Curse: rC-)}
 f - a cursed amulet of regeneration (around neck) {(Curse: -Vis)}
Scrolls
 g - a scroll of teleportation
 k - a scroll of enchantment
Potions
 c - a potion of haste
 h - a potion of berserk rage
 i - a potion of resistance
 j - a potion of invisibility
Comestibles
 d - 4 rations


   Skills:
 * Level 0.8 Fighting
 - Level 4.6 Polearms
 - Level 2.1 Dodging
 - Level 1.1 Stealth
 - Level 1.0 Spellcasting
 - Level 1.7 Fire Magic
   Level 2.6 Invocations


You had 5 spell levels left.
You knew the following spells:

 Your Spells              Type           Power        Failure   Level  Hunger
a - Flame Tongue          Fire           4 (30)       16%         1    ##.....

Your spell library contained the following spells:

 Spells                   Type           Power        Failure   Level  Hunger
 Blink                    Tloc           N/A          43%         2    ###....
 Call Imp                 Summ           0 (100)      43%         2    ###....
 Slow                     Hex            0 (100)      43%         2    ###....
 Conjure Flame            Fire           4 (100)      43%         3    ####...
 Mephitic Cloud           Pois/Air       0 (100)      67%         3    ####...


Dungeon Overview and Level Annotations

Branches:
Dungeon (2/8)

Altars:


Innate Abilities, Weirdness & Mutations

You have hooves in place of feet.
Armour fits poorly on your strangely shaped body.
You cover ground very quickly.
You regenerate a little health from kills.
You have extremely tough skin. (AC +3)


Message History

You enter the shallow water.
Moving in this stuff is going to be slow.
There is a stone staircase leading down here.
You climb downwards.
A jelly comes into view.
The jelly quivers.
Found a +0 helmet.
There is a stone staircase leading up here.
Attack whom?
Press: ? - help, Dir - move target cursor, f - jelly
Aim: a jelly (healthy (15/15))
You reach to attack!
The jelly blocks your attack.
Attack whom?
Press: ? - help, Dir - move target cursor, f/p - jelly
Aim: a jelly (healthy (15/15))
You reach to attack!
You puncture the jelly (12)! You puncture the jelly (8)!
You kill the jelly!
You have reached level 5!
Are you sure you want to abandon this character and quit the game? (Confirm with "yes".)

≈≈≈≈≈≈.≈≈≈≈≈≈≈≈
≈≈≈≈≈≈≈≈≈≈≈≈≈≈≈
≈≈≈≈≈≈≈≈≈≈≈≈≈≈≈
≈≈≈≈≈≈[≈≈≈≈≈≈≈≈
≈≈≈≈≈≈≈≈≈≈≈≈≈≈≈
≈≈≈≈≈≈≈≈≈≈≈≈≈≈≈
..≈≈≈P≈≈≈≈≈≈...
PP@# ...≈≈...#
≈#....≈.#
#.≈≈≈≈.#
#.≈≈≈≈.#
#≈≈≈;≈.#
#≈≈≈≈≈.#
#≈≈≈≈≈≈#


You could see a neutral submerged slimehead (wandering) (passive).

Vanquished Creatures
  A jelly (D:2)
  5 giant cockroaches (D:1)
  2 cinder newts (D:1)
  4 dart slugs (D:1)
  2 leopard geckos (D:1)
  2 ball pythons (D:1)
  4 bats (D:1)
  5 hobgoblins (D:1)
  4 kobolds (D:1)
  2 goblins (D:1)
  8 rats (D:1)
39 creatures vanquished.

Vanquished Creatures (others)
  2 withered plants (D:2)
2 creatures vanquished.

Grand Total: 41 creatures vanquished

Notes
Turn   | Place    | Note
-------+----------+-------------------------------------------
     0 | D:1      | gruber the Centaur Demonspawn began the quest for the Orb.
     0 | D:1      | Reached XP level 1. HP: 15/15 MP: 2/2
    45 | D:1      | Reached skill level 2 in Polearms
    88 | D:1      | Gained mutation: You regenerate a little health from kills.
                  | [demonic ancestry]
    88 | D:1      | Reached XP level 2. HP: 15/22 MP: 4/4
   116 | D:1      | Reached skill level 3 in Polearms
   116 | D:1      | Reached XP level 3. HP: 27/27 MP: 5/5
   287 | D:1      | Reached XP level 4. HP: 33/34 MP: 6/6
   375 | D:1      | Reached skill level 4 in Polearms
   754 | D:2      | Reached XP level 5. HP: 39/39 MP: 7/7
   755 | D:2      | Quit the game

Levels and vault maps discovered:
D:1:      minmay_arrival_split_and_join, layout_basic
D:2:      layout_sewer, lemuel_doored_altar, gammafunk_temple_overflow_pools,
          first_ration, uniq_edmund

Skill      XL: |  1  2  3  4 |
---------------+-------------+-----
Polearms       | 2 3 4 |  4.6
Fighting       | |  0.8
Dodging        | |  2.1
Stealth        | |  1.1
Spellcasting   | |  1.0
Fire Magic     | |  1.7
Invocations    | |  2.6

Action                   |  1- 3 |  4- 6 || total
-------------------------+-------+-------++-------
Melee: Trident           |    73 |    48 ||   121
       Unarmed           |    39 |    26 ||    65
       Kick              |     2 |       ||     2
Armor: Leather armour    |    22 |    15 ||    37
Dodge: Dodged            |    49 |    23 ||    72
